 Dungeon Crawl Stone Soup version 0.16.2-12-gd0ad4c3 (webtiles) character file.

437048 faibistes the Sorcerer (level 22, -7/130 HPs)
             Began as a Deep Elf Wizard on Mar 29, 2019.
             Was the Champion of Sif Muna.
             Mangled by a deep troll earth mage (10 damage)
             ... on level 1 of the Depths on Mar 30, 2019.
             The game lasted 04:50:59 (97654 turns).

faibistes the Sorcerer (Deep Elf Wizard)           Turns: 97654, Time: 04:50:59

Health: -7/130     AC: 16    Str:  9    XL:     22   Next: 95%
Magic:  6/59       EV: 14    Int: 41    God:    Sif Muna [******]
Gold:   1047       SH:  0    Dex:  6    Spells: 11 memorised, 1 level left

rFire  . . .     SeeInvis +     w - +11 flail "Chaeleaf" {drain, Str+4 Dex-3 SInv Stlth+}
rCold  . . .     Clarity  +     O - +5 robe "Haerhor" {Regen+ Stlth+}
rNeg   . . .     SustAb   .     (no shield)
rPois  .         Gourm    .     u - +2 hat {Int+3}
rElec  .         Spirit   .     Y - +1 cloak
rCorr  .         Warding  .     m - +1 pair of gloves {Str+3}
rMut   .         Stasis   .     K - +2 pair of boots
MR     ++...                    i - amulet of Xicaox {Clar MP+9 Str-3 Int+5 Dex-4}
Stlth  ++++......               g - ring of wizardry
                                k - ring of magical power

@: deflect missiles, very resistant to hostile enchantments, stealthy
A: hooves 1, high mp 1
a: Channel Energy, Forget Spell, Renounce Religion
}: 2/15 runes: decaying, serpentine


You were on level 1 of the Depths.
You worshipped Sif Muna.
Sif Muna was exalted by your worship.
You were near starving.

You visited 9 branches of the dungeon, and saw 46 of its levels.
You visited 1 bazaar.

You collected 5581 gold pieces.
You spent 4534 gold pieces at shops.

Inventory:

Hand weapons
 w - the +11 flail "Chaeleaf" (weapon) {drain, Str+4 Dex-3 SInv Stlth+}
   (You found it on level 8 of the Dungeon)

   A truly terrible weapon, it drains the life of those it strikes.
   It affects your strength (+4).
   It affects your dexterity (-3).
   It enhances your eyesight.
   It makes you more stealthy.
Armour
 m - a +1 pair of gloves of strength (worn)
 u - a +2 hat of intelligence (worn)
 K - a +2 pair of boots (worn)
 O - the +5 robe "Haerhor" (worn) {Regen+ Stlth+}
   (You found it on level 4 of the Lair of Beasts)

   It increases your rate of regeneration.
   It makes you more stealthy.
 R - the +1 hat "Creih Ammy" {rF++ rC- rCorr Stlth+}
   (You found it on level 1 of the Depths)

   It greatly protects you from fire.
   It makes you vulnerable to cold.
   It protects you from acid and corrosion.
   It makes you more stealthy.
 Y - a +1 cloak (worn)
Magical staves
 y - an uncursed staff of air
Jewellery
 g - a ring of wizardry (right hand)
 i - the amulet of Xicaox (around neck) {Clar MP+9 Str-3 Int+5 Dex-4}
   (You found it on level 3 of the Vaults)

   [amulet of clarity]

   It provides mental clarity.
   It affects your strength (-3).
   It affects your intelligence (+5).
   It affects your dexterity (-4).
   It affects your magic capacity (+9).
 k - a ring of magical power (left hand)
 M - an uncursed amulet of resist mutation
Magical devices
 a - a wand of lightning (5)
 e - a wand of cold (5)
 f - a wand of heal wounds (7)
 h - a wand of teleportation (1)
 x - a wand of teleportation (2)
 B - a wand of heal wounds (3)
 C - a wand of teleportation (2)
 U - a wand of cold (5)
 V - a wand of fireball (5)
 W - a wand of fire (9)
 Z - a wand of teleportation (1)
Scrolls
 b - 4 scrolls of immolation
 c - 6 scrolls of recharging
 j - 5 scrolls of fear
 l - 20 scrolls of remove curse
 p - 6 scrolls of magic mapping
 A - 19 scrolls of teleportation
 J - a scroll of fog
 P - a scroll of holy word
 S - 2 scrolls of identify
 X - 2 scrolls of blinking
Potions
 o - a potion of cure mutation
 r - 13 potions of curing
 s - 5 potions of restore abilities
 v - 8 potions of ambrosia
 z - 4 potions of magic
 D - 5 potions of haste
 F - 3 potions of cancellation
 H - 2 potions of brilliance
 I - 2 potions of heal wounds
 L - 5 potions of flight
 Q - a potion of invisibility
 T - 2 potions of resistance
Comestibles
 d - 12 bread rations
 q - 24 royal jellies
 t - 30 meat rations


   Skills:
 + Level 11.2 Fighting
 - Level 10.0 Dodging
 - Level 2.4 Stealth
 * Level 23.6 Spellcasting
 * Level 18.2 Conjurations
 - Level 12.4 Charms
   Level 1.1 Summonings
   Level 3.3 Necromancy
 + Level 7.5 Translocations
   Level 3.3 Transmutations
 * Level 18.4 Fire Magic
 - Level 5.0 Air Magic
 * Level 18.3 Earth Magic
   Level 2.8 Poison Magic
 - Level 10.4 Invocations
 - Level 9.0 Evocations


You had one spell level left.
You knew the following spells:

 Your Spells              Type           Power        Failure   Level  Hunger
a - Lehudib's Crystal Sp  Conj/Erth      ########..   1%          8    None
b - Ring of Flames        Chrm/Fire      ########..   1%          7    None
d - Blink                 Tloc           N/A          1%          2    None
e - Freezing Cloud        Conj/Ice/Air   #######...   1%          6    None
f - Deflect Missiles      Chrm/Air       #######...   1%          6    None
h - Haste                 Chrm           ########     1%          6    None
k - Airstrike             Air            ######....   1%          4    None
l - Shatter               Erth           ########..   7%          9    ##.....
v - Bolt of Fire          Conj/Fire      ########..   1%          6    None
x - Force Lance           Conj/Tloc      ########     1%          4    None
z - Fire Storm            Conj/Fire      ########..   7%          9    ##.....


Dungeon Overview and Level Annotations

Branches:
Dungeon (15/15)            Temple (1/1) D:5            Lair (8/8) D:11
  Swamp (5/5) Lair:6        Snake (5/5) Lair:4        Slime (0/6) Lair:8
    Orc (4/4) D:10            Elf (2/3) Orc:4        Vaults (4/5) D:14
  Crypt (0/3) Vaults:3     Depths (2/5) D:15

Altars:
Ashenzari
Cheibriados
Dithmenos
Elyvilon
Fedhas
Gozag
Kikubaaqudgha
Makhleb
Nemelex Xobeh
Okawaru
Qazlal
Ru
Sif Muna
Trog
Vehumet
Xom
Yredelemnul
Zin
The Shining One
Beogh
Jiyva

Shops:
D:4 !   D:6 =   D:8 :   D:12 (   Orc:3 }   Orc:4 (*:[   Elf:1 =   Snake:1 *
Vaults:1 *   Vaults:2 }

Portals:
Hell: Lair:8 Depths:1
Trove: D:10 (give 7 potions of haste)

Annotations:
Lair:8 1 runed door
Vaults:3 faibistes' ghost, mighty DEWz


Innate Abilities, Weirdness & Mutations

You have large cloven feet.
You have an increased reservoir of magic (+10% MP).


Message History

You don't have enough magic to cast that spell.
Unknown command.
Use which ability? (? or * to list)
You channel some magical energy.
You are near starving!
The deep troll earth mage bites you! The deep troll earth mage claws you!!
The deep troll earth mage closely misses you. x2
The deep troll earth mage misses you.
The deep troll earth mage closely misses you.
Unknown command.
You barely miss the deep troll earth mage.
The deep troll earth mage is heavily wounded.
The deep troll earth mage barely misses you.
The deep troll earth mage claws you!! The deep troll earth mage misses you.
The deep troll earth mage bites you!!
* * * LOW HITPOINT WARNING * * *
The deep troll earth mage claws you!
* * * LOW HITPOINT WARNING * * *
The deep troll earth mage claws you!
You die...

#.###.......# .≈≈≈≈
#'#####.....# ....≈≈≈≈
#.#...#.....# .........
#.#.#.#.....# #........
#.#.#.#.....# #........
#.#.#.#.....# #........
#...#.#...?.# #........
#####.#.....#######........
#...#.#...@................
#.#.#.#....T...........≈≈≈≈
#.#.#.#................≈≈≈≈
#.#.#.#..<..[..........≈≈≈≈
#.#...#........T.......≈≈≈≈
#.#####................≈≈≈≈
#.#...#...............(≈≈≈≈
#.#.#.#...............(≈≈≈≈
#.#.#.#................####


You could see a deep troll earth mage and a deep troll shaman.

Vanquished Creatures
  Boris (Vaults:2)
  Sojobo (Vaults:3)
  Margery (Depths:1)
  Norris (Elf:2)
  Saint Roka (Swamp:3)
  Xtahua (Vaults:3)
  Frederick (Vaults:3)
  Nikola (Elf:2)
  Vashnia (Snake:4)
  2 liches (Depths:1)
  A quicksilver dragon (Vaults:3)
  A deep elf blademaster (Elf:2)
  A sphinx (Vaults:4)
  An octopode crusher (Depths:1)
  5 tengu reavers
  4 thorn hunters
  Frances (Snake:3)
  2 storm dragons (Vaults:4)
  4 fire giants
  The ghost of faibistes the Eclecticist, a mighty DEWz of Sif Muna (Snake:2)
  2 frost giants (Vaults:4)
  A fire giant (shapeshifter) (Vaults:2)
  15 greater nagas
  Aizul (Swamp:2)
  13 vault wardens
  A deep elf sorcerer (Elf:2)
  2 orc warlords (Orc:4)
  A war gargoyle (Vaults:3)
  3 emperor scorpions
  Gastronok (Lair:1)
  Jorgrun (Swamp:4)
  10 stone giants
  9 ironheart preservers
  2 very ugly things (Vaults:4)
  A deep elf demonologist (Elf:1)
  2 vampire knights
  5 dire elephants
  An eidolon (Vaults:3)
  A deep elf death mage (Elf:1)
  5 vault guards (Vaults:3)
  2 merfolk impalers (Depths:1)
  A minotaur (Depths:1)
  5 fire dragons
  8 ettins
  A great orb of eyes (Vaults:3)
  A jiangshi (Vaults:3)
  2 ice dragons
  6 yaktaur captains
  33 naga warriors
  2 rakshasas (Depths:2)
  27 hydras
  11 centaur warriors
  A great orb of eyes (shapeshifter) (Vaults:4)
  10 anacondas
  16 dancing weapons
  2 ghost crabs (Swamp:4)
  4 deep troll earth magi (Depths:1)
  8 ogre magi
  12 death yaks
  6 deep troll shamans
  2 tengu warriors
  33 naga sharpshooters
  A titan zombie (Vaults:4)
  14 alligators
  Urug (Orc:4)
  7 shock serpents
  An orc high priest (Orc:4)
  A sun demon (Lair:8)
  6 skeletal warriors
  5 hell knights
  3 iron trolls
  A golden dragon zombie (Vaults:4)
  A shadow wraith (Vaults:4)
  2 wizards
  3 salamander mystics
  20 deep elf knights
  A giant orange brain (Vaults:2)
  3 unseen horrors
  14 naga ritualists
  5 deep elf summoners
  13 deep trolls
  2 spriggan druids
  2 flayed ghosts (Vaults:3)
  11 swamp dragons
  6 necromancers
  A shadow dragon zombie (Vaults:3)
  3 hill giants
  A sphinx zombie (Vaults:3)
  10 ironbrand convokers
  7 griffons
  3 harpies (Vaults:2)
  10 orc knights
  8 shambling mangroves
  27 ugly things
  A stone giant zombie (Vaults:2)
  16 mana vipers
  A salamander (shapeshifter) (Vaults:1)
  14 deep elf conjurers
  5 orc sorcerers
  4 wolf spiders
  3 phantasmal warriors
  7 cyclopes
  18 salamanders
  4 oklob plants (Snake:3)
  A sixfirhy (Lair:8)
  5 hornets
  12 elephants
  41 black mambas
  13 vault sentinels
  2 centaur zombies
  3 manticores
  A stone giant skeleton (Vaults:2)
  Maurice (D:11)
  6 guardian serpents
  3 human skeletons
  A smoke demon (Lair:8)
  2 spiny frogs (shapeshifter)
  2 sirens (Lair:4)
  30 naga magi
  A queen ant (Lair:1)
  10 komodo dragons
  32 spiny frogs
  2 yaktaur zombies
  3 human zombies
  6 orange demons (Lair:8)
  35 yaktaurs
  9 freezing wraiths
  A troll (shapeshifter) (Vaults:3)
  An elf (shapeshifter) (Elf:1)
  3 kobold demonologists
  A yaktaur (shapeshifter) (Vaults:3)
  2 blue devils (Lair:8)
  11 fire drakes
  11 deep elf priests
  2 red devils (Lair:8)
  A queen bee (Lair:5)
  2 merfolk (Lair:4)
  8 trolls
  8 tengu conjurers
  18 two-headed ogres
  12 giant leeches
  4 baby alligators (Swamp:2)
  An ettin zombie (Vaults:2)
  2 boulder beetles (Vaults:4)
  77 slime creatures
  20 ravens
  14 basilisks
  A two-headed ogre (shapeshifter) (Vaults:3)
  17 blink frogs
  7 bog bodies
  A tarantella (shapeshifter) (Depths:2)
  2 trapdoor spiders
  5 wraiths
  4 shadows
  A blink frog (shapeshifter) (Vaults:4)
  A redback (shapeshifter) (Vaults:3)
  An ettin skeleton (Vaults:3)
  3 air elementals (Vaults:3)
  7 spriggans
  2 hogs (shapeshifter) (Vaults:2)
  31 yaks
  26 deep elf magi
  A steam dragon (D:15)
  A human simulacrum (Vaults:2)
  4 water elementals (Depths:1)
  30 deep elf fighters
  Grum (D:13)
  10 wyverns
  29 hippogriffs
  13 wargs
  4 insubstantial wisps (Swamp:1)
  Menkaure (D:7)
  29 vampire mosquitoes
  7 soldier ants
  12 porcupines
  A hell hound (Lair:4)
  28 swamp worms
  4 mottled dragons
  A soldier ant (shapeshifter) (Vaults:2)
  15 wolves
  8 ice beasts
  58 orc warriors
  41 water moccasins
  93 nagas
  4 sky beasts
  A deep dwarf (shapeshifter) (Vaults:3)
  An eye of draining (D:15)
  11 swamp drakes
  A necrophage (D:9)
  6 phantoms
  8 wasps
  6 black bears
  42 ogres
  20 crocodiles
  4 boggarts (Vaults:1)
  30 centaurs
  Sigmund (D:3)
  3 big kobolds
  A gnoll sergeant (D:7)
  23 giant frogs
  12 scorpions
  7 electric eels
  34 killer bees
  A troll zombie (Swamp:3)
  3 wights (D:11)
  An elf skeleton (Vaults:4)
  A goliath beetle (D:7)
  2 giant frog zombies
  37 orc priests
  3 centaur skeletons
  19 hounds
  5 jellies
  10 crimson imps
  3 giant frog skeletons
  A quasit (D:6)
  6 iguanas
  47 orc wizards
  4 polar bear simulacra (Lair:2)
  32 sheep
  35 worker ants
  3 yak simulacra (Lair:2)
  A wolf simulacrum (Lair:2)
  A hound zombie (D:7)
  2 mummies
  Robin (D:2)
  An orc zombie (Swamp:3)
  31 adders
  8 gnolls
  5 shadow imps
  75 river rats
  7 worms
  2 giant mites
  An adder zombie (D:5)
  6 giant geckos
  7 oozes
  226 orcs
  2 ball pythons
  A bat zombie (D:5)
  7 giant cockroaches
  23 goblins
  21 hobgoblins
  15 jackals
  24 kobolds
  15 quokkas
  24 bats
  4 giant newts
  A giant spore (D:11)
  10 rats
  3 river rat simulacra (Lair:2)
  3 ballistomycetes (D:11)
  5 briar patches
  A butterfly (D:5)
  10 fungi
  5 plants
2464 creatures vanquished.

Vanquished Creatures (collateral kills)
  An iron troll (Depths:1)
  4 goblins (D:2)
  2 hobgoblins (D:2)
  2 jackals (D:1)
  A rat (D:3)
  A plant (Lair:7)
11 creatures vanquished.

Vanquished Creatures (others)
  A fire vortex (Depths:1)
  A lost soul (Elf:1)
  A white imp (D:6)
  63 fungi
  54 plants
120 creatures vanquished.

Grand Total: 2595 creatures vanquished

Notes
Turn   | Place    | Note
--------------------------------------------------------------
     0 | D:1      | faibistes, the Deep Elf Wizard, began the quest for the Orb.
     0 | D:1      | Reached XP level 1. HP: 10/10 MP: 6/6
   517 | D:1      | Reached XP level 2. HP: 15/15 MP: 7/10
   526 | D:1      | Learned a level 2 spell: Blink
   529 | D:1      | Learned a level 2 spell: Call Imp
   628 | D:1      | Reached skill level 5 in Spellcasting
  1486 | D:2      | Noticed Robin
  1500 | D:2      | Reached XP level 3. HP: 19/19 MP: 3/14
  1591 | D:2      | Learned a level 3 spell: Conjure Flame
  1595 | D:2      | Learned a level 3 spell: Mephitic Cloud
  1723 | D:2      | Killed Robin
  2077 | D:3      | Reached XP level 4. HP: 24/24 MP: 13/17
  2105 | D:3      | Learned a level 2 spell: Repel Missiles
  3302 | D:4      | Reached skill level 6 in Spellcasting
  3526 | D:5      | Entered Level 5 of the Dungeon
  3730 | D:4      | Reached XP level 5. HP: 28/28 MP: 17/20
  3918 | D:3      | Noticed Sigmund
  3936 | D:3      | Killed Sigmund
  4058 | D:3      | Found a deep blue altar of Sif Muna.
  4062 | D:3      | Found an iron altar of Okawaru.
  4067 | D:3      | Became a worshipper of Sif Muna the Loreminder
  4196 | D:3      | Found a shattered altar of Ashenzari.
  4432 | D:4      | Reached skill level 7 in Spellcasting
  4432 | D:4      | Reached XP level 6. HP: 32/32 MP: 19/23
  4514 | D:4      | Found Moiti's Distillery.
  4530 | D:4      | Found a burning altar of Makhleb.
  4536 | D:4      | Noticed an ogre
  4542 | D:4      | Killed an ogre
  4703 | D:4      | Bought a potion of curing for 39 gold pieces
  4933 | D:4      | Found a bloodstained altar of Trog.
  5188 | D:5      | Noticed a phantom
  5216 | D:5      | Killed a phantom
  5402 | D:6      | Reached XP level 7. HP: 36/36 MP: 13/25
  5599 | D:6      | Acquired Sif Muna's first power
  5599 | D:6      | Reached skill level 1 in Fire Magic
  5599 | D:6      | Reached skill level 1 in Poison Magic
  5682 | D:6      | Reached skill level 1 in Air Magic
  5767 | D:6      | Reached skill level 8 in Spellcasting
  6079 | D:6      | Reached skill level 5 in Conjurations
  6333 | D:5      | Found a staircase to the Ecumenical Temple.
  6446 | D:5      | Noticed a sky beast
  6461 | D:5      | Killed a sky beast
  6750 | D:5      | Noticed an ogre
  6767 | D:5      | Killed an ogre
  6767 | D:5      | Reached XP level 8. HP: 41/41 MP: 14/27
  7257 | D:5      | Acquired Sif Muna's second power
  7473 | Temple   | Entered the Ecumenical Temple
  7772 | D:6      | Found Muish's Jewellery Emporium.
  7927 | D:6      | Reached skill level 9 in Spellcasting
  7980 | D:6      | Learned a level 5 spell: Bolt of Draining
  8106 | D:6      | Reached skill level 5 in Dodging
  8106 | D:6      | Reached skill level 1 in Necromancy
  8427 | D:6      | Found a glowing silver altar of Zin.
  8559 | D:6      | Found a blossoming altar of Fedhas.
  8791 | D:6      | Found a glowing golden altar of the Shining One.
  9045 | D:6      | Reached XP level 9. HP: 45/45 MP: 16/29
  9417 | D:8      | Found Kyawkoa's Book Boutique.
  9494 | D:7      | Reached skill level 1 in Invocations
  9629 | D:7      | Learned a level 5 spell: Bolt of Magma
  9669 | D:7      | Reached skill level 1 in Charms
  9739 | D:7      | Reached skill level 1 in Earth Magic
  9845 | D:8      | Reached skill level 1 in Fighting
  9896 | D:8      | Got a bloodstained flail
  9984 | D:7      | Identified the +11 flail "Chaeleaf" {drain, Str+4 Dex-3 SInv Stlth+} (You found it on level 8 of the Dungeon)
 10060 | D:7      | Noticed Menkaure
 10067 | D:7      | Killed Menkaure
 10067 | D:7      | Reached skill level 1 in Evocations
 10078 | D:7      | Reached skill level 10 in Spellcasting
 11015 | D:8      | Acquired Sif Muna's third power
 11684 | D:8      | Reached XP level 10. HP: 53/53 MP: 28/31
 11893 | D:10     | Entered Level 10 of the Dungeon
 12654 | D:9      | Noticed a purple ugly thing
 12670 | D:9      | Killed a purple ugly thing
 12858 | D:9      | Reached skill level 11 in Spellcasting
 13467 | D:9      | Reached skill level 5 in Invocations
 13473 | D:9      | Identified a scroll of acquirement
 13474 | D:9      | Identified the Tome of Cankerous Conjuration (You acquired it on level 9 of the Dungeon)
 13480 | D:9      | Learned a level 4 spell: Force Lance
 14021 | D:10     | Learned a level 5 spell: Fireball
 14107 | D:11     | Noticed Maurice
 14122 | D:11     | Killed Maurice
 14122 | D:11     | Reached skill level 5 in Fire Magic
 14306 | D:11     | Noticed a green ugly thing
 14318 | D:10     | Killed a green ugly thing
 14318 | D:10     | Reached XP level 11. HP: 38/59 MP: 3/33
 15322 | D:10     | Reached skill level 5 in Earth Magic
 15446 | D:11     | Found a staircase to the Lair.
 15573 | D:11     | Noticed a manticore
 15582 | D:11     | Killed a manticore
 15928 | D:10     | Found a portal to a secret trove of treasure.
 16149 | D:10     | Reached skill level 12 in Spellcasting
 16428 | D:10     | Found a staircase to the Orcish Mines.
 16647 | D:10     | Learned a level 5 spell: Ignite Poison
 16784 | D:11     | Received a gift from Sif Muna
 16786 | D:11     | Reached skill level 5 in Charms
 16793 | D:11     | Identified Sif Muna's Guide on Necromancy (Sif Muna gifted it to you on level 11 of the Dungeon)
 16924 | D:11     | Reached skill level 1 in Transmutations
 17555 | Lair:1   | Entered Level 1 of the Lair of Beasts
 18356 | Lair:1   | Noticed Gastronok
 18372 | Lair:1   | Killed Gastronok
 18372 | Lair:1   | Reached skill level 5 in Evocations
 18466 | Lair:1   | Reached XP level 12. HP: 64/64 MP: 21/35
 18758 | Lair:1   | Reached skill level 5 in Translocations
 19619 | Lair:2   | Noticed a necromancer
 19621 | Lair:2   | Killed a necromancer
 20774 | Lair:2   | Learned a level 5 spell: Iskenderun's Battlesphere
 20786 | Lair:3   | Reached skill level 13 in Spellcasting
 20786 | Lair:3   | Received a gift from Sif Muna
 20789 | Lair:3   | Identified Sif Muna's Catalogue of Displacement (Sif Muna gifted it to you on level 3 of the Lair of Beasts)
 20816 | Lair:3   | Found a hole to the Spider Nest.
 21505 | Lair:3   | Noticed a five-headed hydra
 21509 | Lair:3   | Killed a five-headed hydra
 22109 | Lair:3   | Reached XP level 13. HP: 66/70 MP: 17/36
 22664 | Lair:4   | Found a staircase to the Shoals.
 22881 | Lair:4   | Got an ominously black robe
 22892 | Lair:4   | Identified the +5 robe "Haerhor" {Regen+ Stlth+} (You found it on level 4 of the Lair of Beasts)
 22904 | Lair:4   | Noticed a six-headed hydra
 22908 | Lair:4   | Killed a six-headed hydra
 23085 | Lair:4   | Gained mutation: You have an increased reservoir of magic (+10% MP). [potion of beneficial mutation]
 23086 | Lair:4   | Found a staircase to the Snake Pit.
 25968 | Lair:6   | Received a gift from Sif Muna
 25968 | Lair:6   | Reached skill level 14 in Spellcasting
 25970 | Lair:6   | Identified Sif Muna's Almanac of Spatial Feathers (Sif Muna gifted it to you on level 6 of the Lair of Beasts)
 26353 | Lair:6   | Found a staircase to the Swamp.
 27307 | Lair:7   | Reached XP level 14. HP: 76/76 MP: 30/41
 27634 | Lair:2   | Learned a level 6 spell: Bolt of Fire
 27646 | Lair:2   | Learned a level 4 spell: Airstrike
 27809 | Lair:8   | Entered Level 8 of the Lair of Beasts
 30723 | Lair:8   | HP: 1/76 [five-headed hydra (11)]
 30883 | Lair:8   | Reached skill level 15 in Spellcasting
 31358 | Lair:8   | Reached skill level 5 in Fighting
 31423 | Lair:8   | Found a runed door.
 31423 | Lair:8   | Found a viscous altar of Jiyva.
 31423 | Lair:8   | Found a staircase to the Slime Pits.
 31423 | Lair:8   | Noticed an acid blob
 31423 | Lair:8   | Noticed an acid blob
 31445 | Lair:8   | Reached skill level 10 in Invocations
 31446 | Lair:8   | Received a gift from Sif Muna
 31548 | Lair:8   | Identified Sif Muna's Collected Works on Displacement (Sif Muna gifted it to you on level 8 of the Lair of Beasts)
 31557 | Lair:8   | Gained mutation: You have large cloven feet. [potion of beneficial mutation]
 31965 | Lair:8   | Found a sacrificial altar of Ru.
 32837 | Lair:8   | Found a burning altar of Makhleb.
 33199 | Lair:8   | Reached XP level 15. HP: 82/82 MP: 17/42
 33568 | Lair:8   | Found a gateway to Hell.
 34015 | Orc:1    | Entered Level 1 of the Orcish Mines
 34290 | Orc:2    | Reached skill level 10 in Fire Magic
 34877 | Orc:1    | Reached skill level 10 in Charms
 36000 | Orc:2    | Reached skill level 10 in Dodging
 36701 | Orc:4    | Entered Level 4 of the Orcish Mines
 37597 | Orc:4    | Found a staircase to the Elven Halls.
 38101 | Orc:4    | Reached skill level 10 in Conjurations
 38532 | Orc:4    | Noticed Urug
 38536 | Orc:4    | Killed Urug
 38753 | Orc:4    | Found a roughly hewn altar of Beogh.
 38758 | Orc:4    | Received a gift from Sif Muna
 38759 | Orc:4    | Identified Sif Muna's Papyrus of the Falcon (Sif Muna gifted it to you on level 4 of the Orcish Mines)
 38972 | Orc:4    | Found Shretreva's Antique Weapon Emporium.
 39440 | Orc:3    | Found Kla Skuq's Gadget Shop.
 39454 | Orc:3    | Bought a wand of heal wounds (7) for 990 gold pieces
 39590 | Orc:4    | Found Ahucaus' General Store.
 39596 | Orc:4    | Bought a scroll of enchant armour for 82 gold pieces
 39609 | Orc:4    | Found Smimiuc's Antique Armour Emporium.
 39616 | Orc:4    | Bought a pair of embroidered boots for 108 gold pieces
 39638 | Orc:4    | Found Cha Nuam's Book Emporium.
 39646 | Orc:4    | Bought a book of Geomancy for 490 gold pieces
 39652 | Orc:4    | Learned a level 5 spell: Lee's Rapid Deconstruction
 40004 | Elf:1    | Entered Level 1 of the Elven Halls
 40093 | Elf:1    | Found Tweikki's Jewellery Emporium.
 40148 | Elf:1    | Bought an uncursed ring of magical power for 360 gold pieces
 40173 | Elf:1    | Reached skill level 5 in Air Magic
 40561 | Elf:1    | Reached skill level 16 in Spellcasting
 40797 | Elf:2    | Noticed Norris
 40807 | Elf:2    | Killed Norris
 41720 | Elf:2    | Received a gift from Sif Muna
 41721 | Elf:2    | Identified Sif Muna's Papyrus of the Blaze and the Voyage (Sif Muna gifted it to you on level 2 of the Elven Halls)
 42084 | Elf:2    | Found a runed door.
 42374 | Elf:2    | Found a runed gate.
 42374 | Elf:2    | Found a runed gate.
 42377 | Elf:2    | Found a runed gate.
 42522 | Elf:2    | Reached skill level 10 in Earth Magic
 42639 | Elf:2    | Reached XP level 16. HP: 88/88 MP: 35/44
 44041 | Elf:2    | Noticed a deep elf blademaster
 44045 | Elf:2    | Killed a deep elf blademaster
 44281 | Elf:2    | Reached skill level 17 in Spellcasting
 44770 | Elf:2    | Noticed Nikola
 45143 | Elf:2    | Killed Nikola
 45672 | Elf:1    | Received a gift from Sif Muna
 45675 | Elf:1    | Identified Sif Muna's Guide on the Supportive Traveller (Sif Muna gifted it to you on level 1 of the Elven Halls)
 46119 | Snake:1  | Entered Level 1 of the Snake Pit
 46501 | Snake:1  | Found Zakustof's Assorted Antiques.
 46509 | Snake:1  | Bought a shiny iron ring for 160 gold pieces
 47920 | Snake:2  | Noticed faibistes' ghost (mighty DEWz)
 47923 | Snake:2  | Killed faibistes' ghost
 49085 | Snake:2  | Reached XP level 17. HP: 90/96 MP: 10/46
 49409 | Snake:3  | Reached skill level 18 in Spellcasting
 49579 | Snake:3  | Received a gift from Sif Muna
 49580 | Snake:3  | Identified Sif Muna's Handbook of Talismans (Sif Muna gifted it to you on level 3 of the Snake Pit)
 49599 | Snake:3  | Noticed Frances
 49718 | Snake:3  | Killed Frances
 51893 | Lair:2   | Learned a level 6 spell: Haste
 52663 | Snake:4  | Received a gift from Sif Muna
 52776 | Snake:4  | Noticed Vashnia
 52980 | Snake:4  | Killed Vashnia
 53796 | Snake:5  | Entered Level 5 of the Snake Pit
 55978 | Snake:5  | Reached skill level 19 in Spellcasting
 55978 | Snake:5  | Reached XP level 18. HP: 100/103 MP: 14/47
 56129 | Snake:5  | Received a gift from Sif Muna
 56130 | Snake:5  | Identified Sif Muna's Disquisition on Scorching Attacks (Sif Muna gifted it to you on level 5 of the Snake Pit)
 56854 | Snake:5  | Found a shimmering altar of Xom.
 60178 | Snake:5  | Received a gift from Sif Muna
 61058 | Snake:5  | Found a shadowy altar of Dithmenos.
 61810 | Snake:5  | Reached skill level 20 in Spellcasting
 61952 | Snake:5  | Got a serpentine rune of Zot
 62012 | Snake:5  | Reached XP level 19. HP: 105/108 MP: 3/48
 62231 | Lair:2   | Learned a level 6 spell: Deflect Missiles
 62360 | Swamp:1  | Entered Level 1 of the Swamp
 63335 | Swamp:2  | Received a gift from Sif Muna
 63336 | Swamp:2  | Identified Sif Muna's Volume of Combat Magic and Weightlessness (Sif Muna gifted it to you on level 2 of the Swamp)
 64705 | Swamp:2  | Noticed Aizul
 65062 | Swamp:2  | Killed Aizul
 67785 | Swamp:3  | Noticed Saint Roka
 68020 | Swamp:3  | Killed Saint Roka
 68441 | Lair:2   | Learned a level 7 spell: Ring of Flames
 70230 | Swamp:4  | Reached skill level 15 in Fire Magic
 70412 | Swamp:4  | Noticed Jorgrun
 70418 | Swamp:4  | Killed Jorgrun
 70418 | Swamp:4  | Received a gift from Sif Muna
 70419 | Swamp:4  | Identified Sif Muna's Guide on Dark Boosts (Sif Muna gifted it to you on level 4 of the Swamp)
 70498 | Swamp:4  | Reached skill level 15 in Earth Magic
 70687 | Swamp:5  | Entered Level 5 of the Swamp
 71222 | Swamp:4  | Reached skill level 15 in Conjurations
 72812 | Swamp:5  | Reached skill level 21 in Spellcasting
 73234 | Swamp:4  | Reached XP level 20. HP: 74/116 MP: 35/49
 73852 | Swamp:5  | Got a decaying rune of Zot
 74629 | Swamp:1  | Received a gift from Sif Muna
 74635 | Swamp:1  | Identified Sif Muna's Almanac of Blistering Arcane Weapons (Sif Muna gifted it to you on level 1 of the Swamp)
 74870 | Lair:2   | Learned a level 6 spell: Freezing Cloud
 75027 | D:12     | Found Xodaimul's Weapon Shop.
 75339 | D:12     | Noticed an unseen horror
 75343 | D:12     | Killed an unseen horror
 76239 | D:13     | Noticed an unseen horror
 76241 | D:13     | Killed an unseen horror
 76284 | D:13     | Noticed Grum
 76286 | D:13     | Killed Grum
 76724 | D:15     | Entered Level 15 of the Dungeon
 77611 | D:14     | Found a gate to the Vaults.
 77899 | D:14     | Found an iron altar of Okawaru.
 79399 | D:15     | Found a staircase to the Depths.
 79589 | D:15     | Found a shadowy altar of Dithmenos.
 80176 | Vaults:1 | Entered Level 1 of the Vaults
 80469 | Vaults:1 | Got a glittering copper amulet
 80470 | Vaults:1 | Identified the amulet of the Special Orbs {Clar Int+4 Dex+4} (You found it on level 1 of the Vaults)
 80999 | Vaults:1 | Received a gift from Sif Muna
 81001 | Vaults:1 | Identified Sif Muna's Almanac of Cloudy Combat Magic (Sif Muna gifted it to you on level 1 of the Vaults)
 81349 | Vaults:2 | Noticed Boris
 81354 | Vaults:2 | Killed Boris
 81508 | Vaults:2 | Found Psiupuox's Gadget Boutique.
 81517 | Vaults:2 | Found a flickering gateway to a bazaar.
 81538 | Bazaar   | Entered a bazaar
 81540 | Bazaar   | Found Thratucrin's Magic Scroll Boutique.
 81543 | Bazaar   | Found Staririt's Weapon Boutique.
 81544 | Bazaar   | Found Nuh Klar's Antique Weapon Boutique.
 81544 | Bazaar   | Found Haezoz's Antique Weapon Boutique.
 81559 | Bazaar   | Bought a dazzling falchion for 208 gold pieces
 81559 | Bazaar   | Identified the +3 falchion "Thronea Smosh" {elec, +Blink rPois Str+3 Dex-4 SInv} (You bought it in a shop in a bazaar)
 81585 | Bazaar   | Bought a scroll of teleportation for 42 gold pieces
 81585 | Bazaar   | Bought a scroll of magic mapping for 49 gold pieces
 81585 | Bazaar   | Bought 2 scrolls of teleportation for 84 gold pieces
 82188 | Lair:2   | Learned a level 6 spell: Iron Shot
 82323 | Vaults:1 | Reached skill level 10 in Fighting
 82832 | Vaults:1 | Found Cheshrao's Assorted Antiques.
 82872 | Vaults:1 | Bought a vibrating marble ring for 140 gold pieces
 82872 | Vaults:1 | Bought a runed helmet for 126 gold pieces
 82873 | Vaults:1 | Identified the ring "Veirch Oqui" {-Tele +Inv Int-2 Dex+5 Slay+3 Stlth+} (You bought it in a shop on level 1 of the Vaults)
 83828 | Vaults:2 | Got a dazzling spear
 83829 | Vaults:2 | Identified the +3 spear of the Skies Above {flame, +Fly rPois} (You found it on level 2 of the Vaults)
 84539 | Vaults:3 | Reached XP level 21. HP: 122/122 MP: 39/50
 84540 | Vaults:3 | Received a gift from Sif Muna
 84797 | Vaults:3 | Reached skill level 22 in Spellcasting
 86002 | Vaults:3 | Noticed Sojobo
 86471 | Vaults:3 | Noticed Frederick
 86476 | Vaults:3 | Killed Frederick
 86558 | Vaults:3 | Got a faintly glowing golden amulet
 86559 | Vaults:3 | Identified the amulet of Xicaox {Clar MP+9 Str-3 Int+5 Dex-4} (You found it on level 3 of the Vaults)
 86793 | Vaults:3 | Noticed faibistes' ghost (mighty DEWz)
 86993 | Vaults:3 | Received a gift from Sif Muna
 86994 | Vaults:3 | Identified Sif Muna's Incunabulum of Confrontation (Sif Muna gifted it to you on level 3 of the Vaults)
 87005 | Vaults:3 | Learned a level 8 spell: Lehudib's Crystal Spear
 88327 | Vaults:3 | Noticed Xtahua
 88336 | Vaults:3 | Killed Xtahua
 88631 | Vaults:3 | Found a staircase to the Crypt.
 90037 | Vaults:4 | Received a gift from Sif Muna
 90038 | Vaults:4 | Identified Sif Muna's Last Secrets of Spellcraft (Sif Muna gifted it to you on level 4 of the Vaults)
 91233 | Vaults:4 | Reached XP level 22. HP: 128/128 MP: 24/50
 91542 | Vaults:4 | Got a translucent scimitar
 91636 | Vaults:4 | Identified the +8 scimitar "Plog" {freeze, rPois rF- rC+ MR+ Str-4} (You took it off an orc warrior on level 4 of the Vaults)
 92556 | Vaults:3 | Killed Sojobo
 92972 | D:8      | Bought a book of Annihilations for 1656 gold pieces
 93192 | Depths:1 | Entered Level 1 of the Depths
 93207 | Depths:1 | Reached skill level 23 in Spellcasting
 93208 | Depths:1 | Received a gift from Sif Muna
 93214 | Depths:1 | Identified Sif Muna's Reference Book on Transmutation and Envenoming (Sif Muna gifted it to you on level 1 of the Depths)
 93446 | Depths:1 | Identified Lehudib's Catalogue of Arcane Weapons
 95689 | Depths:1 | Noticed Margery
 95698 | Depths:1 | Killed Margery
 95869 | Depths:1 | Received a gift from Sif Muna
 95871 | Depths:1 | Identified Sif Muna's Handbook of Ashen Transformation (Sif Muna gifted it to you on level 1 of the Depths)
 97115 | Depths:1 | Got a bloodstained hat
 97126 | Depths:1 | Identified the +1 hat "Creih Ammy" {rF++ rC- rCorr Stlth+} (You found it on level 1 of the Depths)
 97156 | Depths:1 | Found a radiant altar of Vehumet.
 97179 | Depths:1 | Got a distressingly furry hat
 97190 | Depths:1 | Identified the +1 hat "Cleol" {rF+} (You found it on level 1 of the Depths)
 97229 | Depths:1 | Got a faintly humming hat
 97240 | Depths:1 | Identified the cursed -2 hat "Brofagen" {rC++ Dex+4} (You found it on level 1 of the Depths)
 97464 | Lair:2   | Learned a level 9 spell: Fire Storm
 97478 | Lair:2   | Learned a level 9 spell: Shatter
 97654 | Depths:1 | HP: 3/130 [deep troll earth mage (16)]
 97654 | Depths:1 | Mangled by a deep troll earth mage

Action                   |  1- 3 |  4- 6 |  7- 9 | 10-12 | 13-15 | 16-18 | 19-21 | 22-24 || total
-------------------------+-------+-------+-------+-------+-------+-------+-------+-------++-------
Melee: Dagger            |       |    28 |   108 |   162 |   155 |       |       |       ||   453
       Flail             |       |       |       |     3 |     3 |     6 |    27 |     3 ||    42
       Unarmed           |       |       |       |       |    17 |       |       |       ||    17
 Cast: Magic Dart        |    94 |   143 |   330 |   111 |   147 |    11 |    19 |       ||   855
       Call Imp          |     5 |     5 |     2 |       |       |       |       |       ||    12
       Conjure Flame     |     2 |     8 |    37 |    35 |     5 |       |       |       ||    87
       Mephitic Cloud    |     1 |     6 |    29 |    19 |       |       |       |       ||    55
       Blink             |       |     5 |     3 |    12 |     3 |       |     7 |     6 ||    36
       Repel Missiles    |       |     1 |       |       |     3 |     8 |       |       ||    12
       Bolt of Magma     |       |       |     1 |    29 |    21 |       |       |       ||    51
       Force Lance       |       |       |       |    55 |    75 |    57 |    53 |    24 ||   264
       Fireball          |       |       |       |   141 |   344 |   163 |   267 |    82 ||   997
       Ignite Poison     |       |       |       |    21 |    41 |   158 |    40 |       ||   260
       Iskenderun's Batt |       |       |       |       |    36 |    19 |    18 |     5 ||    78
       Bolt of Fire      |       |       |       |       |   119 |   272 |   473 |   118 ||   982
       Airstrike         |       |       |       |       |    25 |    34 |    74 |     5 ||   138
       Lee's Rapid Decon |       |       |       |       |       |   195 |   120 |    14 ||   329
       Haste             |       |       |       |       |       |     2 |     9 |     1 ||    12
       Ring of Flames    |       |       |       |       |       |       |    28 |    13 ||    41
       Deflect Missiles  |       |       |       |       |       |       |     7 |     3 ||    10
       Freezing Cloud    |       |       |       |       |       |       |     9 |     9 ||    18
       Iron Shot         |       |       |       |       |       |       |     7 |       ||     7
       Lehudib's Crystal |       |       |       |       |       |       |    13 |    39 ||    52
       Fire Storm        |       |       |       |       |       |       |       |     2 ||     2
Invok: Channel Energy    |       |       |       |    41 |    89 |   115 |   108 |    38 ||   391
       Forget Spell      |       |       |       |       |       |       |     1 |     2 ||     3
Evoke: Wand              |       |       |       |       |     3 |     8 |     4 |       ||    15
  Use: Scroll            |       |       |    16 |    12 |    15 |    10 |    24 |     7 ||    84
       Potion            |       |       |       |     2 |     2 |     4 |     3 |     3 ||    14
 Stab: Confused          |       |     2 |     6 |     3 |       |       |       |       ||    11
       Sleeping          |       |       |     1 |       |     1 |       |       |       ||     2
       Distracted        |       |       |       |     1 |       |       |       |       ||     1
       Paralysed         |       |       |       |       |     6 |       |       |       ||     6
  Eat: Chunk             |     3 |    10 |    18 |    48 |    74 |    52 |    66 |    15 ||   286
       Beef jerky        |       |       |     1 |     1 |     6 |     2 |     2 |       ||    12
       Royal jelly       |       |       |       |     1 |       |       |     1 |       ||     2
       Fruit             |       |       |       |     1 |    11 |       |     6 |       ||    18
       Bread ration      |       |       |       |       |       |     5 |     6 |     2 ||    13
       Pizza             |       |       |       |       |       |     1 |     3 |       ||     4
